 Dungeon Crawl Stone Soup version 0.28.0-53-g5a82cb258f (webtiles) character file.

Game seed: 16250831589629653545

282 hawla the Conjurer (level 6, -3/47 HPs)
             Began as a Draconian Conjurer on June 12, 2022.
             Slain by a hornet (13 damage)
             ... on level 4 of the Dungeon.
             The game lasted 00:07:42 (3201 turns).

hawla the Conjurer (Draconian Conjurer)             Turns: 3201, Time: 00:07:43

Health: -3/47      AC:  6    Str:  9    XL:     6   Next: 6%
Magic:  4/10       EV: 12    Int: 19    God:
Gold:   30         SH:  0    Dex:  9    Spells: 3/10 levels left

rFire   . . .      SeeInvis .   e - staff of conjuration
rCold   . . .      Faith    .   (no shield)
rNeg    . . .      Spirit   .   (armour unavailable)
rPois   .          Reflect  .   (helmet restricted)
rElec   .          Harm     .   (no cloak)
rCorr   .          Rampage  .   (no gloves)
Will    .....                   (no boots)
Stlth   ++........              (no amulet)
HPRegen 0.15/turn               (no ring)
MPRegen 0.12/turn               (no ring)

@: lethally poisoned (-3 -> -12), flying, slowed, very slow
A: AC +6, unfitting armour, cold-blooded, big wings, dopey 1
a: no special abilities


You were on level 4 of the Dungeon.
You visited 1 branch of the dungeon, and saw 4 of its levels.

You collected 79 gold pieces.
You spent 49 gold pieces at shops.

Inventory:

Missiles
 g - 6 boomerangs
Magical Staves
 e - a staff of conjuration (weapon)
Scrolls
 a - a scroll of magic mapping
 d - a scroll of teleportation
 f - a scroll of identify


   Skills:
 + Level 1.1 Fighting
 - Level 1.6 Staves
 - Level 3.1 Dodging
 - Level 2.8 Stealth
 - Level 2.8 Spellcasting
 * Level 5.1 Conjurations
 * Level 0.1 Translocations
 + Level 1.0 Evocations


You had 3 spell levels left.
You knew the following spells:

 Your Spells              Type           Power      Damage    Failure   Level
a - Magic Dart            Conj           100%       1d8       1%          1
b - Searing Ray           Conj           66%        2d6       2%          2
c - Iskenderun's Mystic   Conj/Tloc      19%        2d6       45%         4

Your spell library contained the following spells:

 Spells                   Type           Power      Damage    Failure   Level
 Foxfire                  Conj/Fire      72%        2x1d7     5%          1
 Freeze                   Ice            8%         1d3       16%         1
 Sting                    Tmut/Pois      8%         1d3       16%         1
 Dazzling Flash           Conj/Hex       36%        N/A       16%         3
 Fulminant Prism          Conj/Hex       9%         3d7       47%         4


Dungeon Overview and Level Annotations

Branches:
Dungeon (4/15)
 Temple: D:4-7

Altars:

Shops:
D:1 (   D:3 (!*=[


Innate Abilities, Weirdness & Mutations

Your plain brown scales are hard. (AC +6)
You cannot fit into any form of body armour.
You are cold-blooded and may be slowed by cold attacks.
Your large and strong wings let you fly.
You are dopey. (Int -2)


Message History

Things that are here:
a +0 dagger; a goblin corpse A hornet is nearby!
A hornet is nearby!
Casting: Searing Ray (safe; 2% risk of failure)
Confirm with . or Enter, or press ? or * to list all spells.
Aiming: Searing Ray (safe; 2% risk of failure)
Press: ? - help, Shift-Dir - straight line, f - hornet
Aim: a hornet (wandering, hasn't noticed you, 71% to hit)
You feel a surge of power!
The searing ray hits the hornet.
The hornet is lightly wounded. (Press . to maintain the ray.)
The searing ray hits the hornet.
The hornet is moderately wounded.
The hornet completely misses you.
The searing ray hits the hornet!
The hornet is heavily wounded.
The hornet stings you.
You suddenly lose the ability to move!
The hornet completely misses you. The hornet stings you!
You feel yourself slow down. The hornet stings you!
You are poisoned.
You feel as though you will be slow longer.
You can move again.
You aren't carrying any potions.
Casting: Searing Ray (safe; 2% risk of failure)
Confirm with . or Enter, or press ? or * to list all spells.
Aiming: Searing Ray (safe; 2% risk of failure)
Press: ? - help, Shift-Dir - straight line, f/p - hornet
Aim: a hornet (heavily wounded, 71% to hit)
You feel a surge of power!
The searing ray hits the hornet!
The hornet is severely wounded. (Press . to maintain the ray.)
You feel very sick. The hornet stings you.
* * * LOW HITPOINT WARNING * * *
You feel as though you will be slow longer.
An endoplasm comes into view.
The hornet stings you!
You die...

#<.## #.y.#
##.'#
####o....#
##...
.......
#...
..♣.... #.J
... ... #y#
o... ## #@#
#...# #.#
...#
.######.#
........###
.#####....#
#....#
#####
#....###...
#....##..#
#
#....#...#
#.


You could see a hornet and an endoplasm.

Vanquished Creatures
  Grinder (D:3)
  An adder (D:3)
  2 worms
  2 dart slugs
  2 orcs
  5 endoplasms
  A giant cockroach (D:3)
  9 goblins
  6 hobgoblins
  4 jackals (D:3)
  4 kobolds
  2 quokkas (D:1)
  10 ball pythons
  2 bats
  4 frilled lizards
  7 rats
62 creatures vanquished.

Vanquished Creatures (others)
  2 withered plants (D:4)
2 creatures vanquished.

Grand Total: 64 creatures vanquished

Notes
Turn   | Place    | Note
-------+----------+-------------------------------------------
     0 | D:1      | hawla the Draconian Conjurer began the quest for the Orb.
     0 | D:1      | Reached XP level 1. HP: 14/14 MP: 3/3
   306 | D:1      | Found a faded altar of an unknown god.
   353 | D:1      | Reached XP level 2. HP: 20/20 MP: 1/5
   496 | D:1      | Learned a level 2 spell: Searing Ray
  1197 | D:1      | Found Pema's Weapon Shop.
  1235 | D:2      | Gained mutation: You are dopey. (Int -2) [potion of
                  | mutation]
  1235 | D:2      | Gained mutation: Your large and strong wings let you fly.
                  | [potion of mutation]
  1282 | D:2      | Reached XP level 3. HP: 26/26 MP: 0/6
  2235 | D:3      | Found Naqiy's Jewellery Boutique.
  2305 | D:3      | Reached XP level 4. HP: 33/33 MP: 1/7
  2366 | D:3      | Found Xepsomukh's Armour Emporium.
  2410 | D:3      | Noticed Grinder
  2413 | D:3      | Paralysed by Grinder for 5 turns
  2432 | D:3      | Killed Grinder
  2433 | D:3      | Reached skill level 1 in Fighting
  2433 | D:3      | Reached skill level 1 in Staves
  2433 | D:3      | Reached skill level 5 in Conjurations
  2433 | D:3      | Reached skill level 1 in Evocations
  2433 | D:3      | Reached XP level 5. HP: 19/40 MP: 1/9
  2433 | D:3      | Reached XP level 6. HP: 23/47 MP: 1/10
  2677 | D:3      | Learned a level 4 spell: Iskenderun's Mystic Blast
  2724 | D:3      | Got An Introduction to the Arcane Arts
  2854 | D:3      | Found Heni's General Store.
  2862 | D:3      | Bought a scroll of magic mapping for 49 gold pieces
  2932 | D:3      | Found Toimuc's Antique Weapon Emporium.
  2961 | D:3      | Found Haetaase's Distillery.
  3010 | D:4      | Noticed a hornet
  3198 | D:4      | Paralysed by a hornet for 3 turns
  3201 | D:4      | Slain by a hornet

Illustrated notes

Levels and vault maps discovered:
D:1:      saegor_arrival_simple_c, layout_basic, serial_shops,
          nicolae_shop_advertising_works [nicolae_subvault_shop_adworks],
          hellmonk_ecumenical_altar_blasted
D:2:      layout_basic, minivault_11
D:3:      layout_rooms, serial_shops, shop_fountains, shop, shop,
          nicolae_lakefront_shop, shop, uniq_grinder
D:4:      layout_rooms, mainiacjoe_overflow_tiny_flanked,
          kiku_gazebo_garden_becter, xom_teletrap_fun,
          mainiacjoe_overflow_swirl, minmay_temple_entry_proselytizer,
          grunt_ministairs_6, minmay_unequal

Skill      XL: |  1  2  3  4 |
---------------+-------------+-----
Dodging        | 2 3 |  3.1
Stealth        | 2 |  2.8
Fighting       | 1 |  1.1
Staves         | 1 |  1.6
Conjurations   | 5 |  5.1
Evocations     | 1 |  1.0
Spellcasting   | |  2.8
Translocations | |  0.1

Action                   |  1- 3 |  4- 6 || total
-------------------------+-------+-------++-------
Melee: Unarmed           |    35 |       ||    35
       Tailslap          |    10 |       ||    10
       Punch             |     3 |       ||     3
       Staff             |    67 |     8 ||    75
 Cast: Magic Dart        |    40 |    15 ||    55
       Searing Ray       |    11 |     7 ||    18
  Use: Scroll            |     3 |       ||     3
       Potion            |     1 |     4 ||     5
 Stab: Sleeping          |     2 |     1 ||     3
Armor: Skin              |    37 |     6 ||    43
Dodge: Dodged            |    69 |     4 ||    73
